 Dungeon Crawl Stone Soup version 0.31-a0-1074-g0b22e4e0f1 (webtiles) character file.

Game seed: 15015144866893336664

178 ytrimaz the Ruffian (level 5, -5/41 HPs)
             Began as a Gnoll Shapeshifter on Dec 6, 2023.
             Slain by a gnoll
             ... wielding a +0 flail of protection
              (9 damage)
             ... on level 4 of the Dungeon.
             The game lasted 00:02:44 (2354 turns).

ytrimaz the Ruffian (Gnoll Shapeshifter)            Turns: 2354, Time: 00:02:44

Health: -5/41      AC:  2    Str: 14    XL:     5   Next: 58%
Magic:  7/7        EV: 13    Int:  9    God:
Gold:   124        SH:  0    Dex: 13    Spells: 7/7 levels left

rFire   . .          .
                       - Unarmed
rCold   . . .        (no shield)
rNeg    . . .        a - +0 animal skin
rPois   .            (helmet currently unavailable)
rElec   .            (cloak currently unavailable)
rCorr   .            (gloves currently unavailable)
SInv    .            (boots currently unavailable)
Will    .....        (no amulet)
Stlth   ++           (no ring)
HPRegen 0.26/turn    (no ring)
MPRegen 0.10/turn

%: no passive effects
@: beast-form
A: beast (slay +3), fangs 1, strong nose, distributed training
a: Begin Untransformation


You were on level 4 of the Dungeon.
You were a hulking beast.
You visited 1 branch of the dungeon, and saw 4 of its levels.

You collected 179 gold pieces.
You spent 55 gold pieces at shops.


Innate Abilities, Weirdness & Mutations

You are a hulking beast.
Your limbs bulge with bestial killing power. (Slay +3)
You have very sharp teeth.
Your uncanny sense of smell can sniff out nearby items.
Your experience applies equally to all skills.


   Skills:
 + Level 3.0 Fighting
 + Level 1.6 Short Blades
 + Level 1.6 Long Blades
 + Level 1.6 Axes
 + Level 1.6 Maces & Flails
 + Level 1.6 Polearms
 + Level 1.6 Staves
 + Level 1.6 Ranged Weapons
 + Level 1.6 Throwing
 + Level 1.6 Armour
 + Level 4.8 Dodging
 + Level 1.6 Stealth
 + Level 1.6 Shields
 + Level 6.7 Unarmed Combat
 + Level 1.6 Spellcasting
 + Level 1.2 Conjurations
 + Level 1.2 Hexes
 + Level 1.2 Summonings
 + Level 1.2 Necromancy
 + Level 1.2 Translocations
 + Level 1.2 Transmutations
 + Level 1.2 Fire Magic
 + Level 1.2 Ice Magic
 + Level 1.2 Air Magic
 + Level 1.2 Earth Magic
 + Level 1.2 Poison Magic
 + Level 1.8 Invocations
 + Level 1.6 Evocations
 + Level 6.6 Shapeshifting


You had 7 spell levels left.
You didn't know any spells.
Your spell library was empty.

Inventory:

Armour
 a - a +0 animal skin (worn)
Jewellery
 p - a ring of fire
   (You found it on level 4 of the Dungeon)
Talismans
 c - a beast talisman (active)
 d - a flux talisman
 h - a storm talisman
   (You found it on level 1 of the Dungeon)
Wands
 m - a wand of mindburst (8)
   (You found it on level 3 of the Dungeon)
Scrolls
 e - a scroll of identify
 i - a scroll of noise
 j - 2 scrolls of teleportation {unknown}
 k - a scroll of blinking {unknown}
 n - a scroll of enchant weapon {unknown}
Potions
 b - a potion of lignification
 f - a potion of brilliance {unknown}
 g - 2 potions of curing
 l - 3 potions of heal wounds
 o - a potion of haste {unknown}

Dungeon Overview and Level Annotations

Branches:
Dungeon (4/15) Zot: 21658
 Temple: D:4-7

Altars:
Nemelex Xobeh
Okawaru

Shops:
D:2

(* #....## #.....##
#......## .. ###
#.....[.# ..
#.###.......## ##.#
#.... #.<..#.......#
#..##.....
##..........##
#..#.<....
#####.....#####
#..#......
#####.hgg.###.#..g....
####......#..g....
####...#.......
############..).......
#.......).).†.........
.........)..).........
...........##.........
...........##.........
...........##.........


You could see 2 gnolls.


Message History

The kobold hits you with a +0 dagger.
* * * LOW HITPOINT WARNING * * *
😨 HP[-1]
You take 1 damage, and now have 19/41 hp.
You hit the gnoll. The gnoll hits you with a +0 flail.
* * * LOW HITPOINT WARNING * * *
The kobold hits you with a +0 dagger.
* * * LOW HITPOINT WARNING * * *
😨 HP[-7] MP[+1]
You take 7 damage, and now have 12/41 hp.
Unknown command.
You punch the gnoll! The gnoll misses you.
The kobold hits you with a +0 dagger.
* * * LOW HITPOINT WARNING * * *
😱 HP[-4]
You take 4 damage, and now have 8/41 hp.
You hit the gnoll.
You kill the gnoll!
Unknown command.
The kobold hits you with a +0 dagger.
* * * LOW HITPOINT WARNING * * *
Things that are here:
a +0 flail; a +0 barding; a gnoll corpse 😱 HP[-3]
You take 3 damage, and now have 5/41 hp.
You punch the kobold!
You kill the kobold! 😱 HP[+1]
Things that are here:
a +0 dagger; 2 stones 😱 HP[+1]
p - a ring of fire Key pressed, stopping explore.
An orc comes into view.
It is wielding a +0 dagger. 😮 HP[+20] MP[+1]
You regained 20 hp, and now have 27/41 hp.
Your mp is fully restored (7).
An orc is nearby!
An orc is nearby!
An orc is nearby!
You are too injured to fight recklessly! 😮 HP[+1]
You are too injured to fight recklessly!
You are too injured to fight recklessly!
The orc shouts!
You hear a shout!
A quokka comes into view.
A gnoll comes into view. It is wielding a +0 halberd. 😮 HP[+1]
You hit the orc. You bite the orc.
You kill the orc!
Found a stone staircase leading up.
The quokka closely misses you.
Things that are here:
a +0 dagger; a +0 ring mail You completely miss the quokka.
You bite the quokka. The quokka closely misses you.
You miss the quokka. The quokka bites you. 😮 HP[-3]
You take 3 damage, and now have 26/41 hp. 2 gnolls come into view.
A gnoll is wielding a +0 flail of protection.
The gnoll shouts! x2
The quokka misses you. The gnoll barely misses you.
You barely miss the gnoll. You punch the gnoll! You bite the gnoll.
You kill the gnoll!
The quokka bites you. 😮 HP[-1]
You take 1 damage, and now have 25/41 hp.
The quokka attacks as it pursues you! The quokka closely misses you.
You see here a +0 halberd.
Unknown command.
The quokka attacks as it pursues you! The quokka completely misses you.
The quokka barely misses you. 😮 HP[+1]
The quokka barely misses you. The quokka attacks as it pursues you!
The quokka misses you. 😮 HP[+1]
You barely miss the quokka. The quokka bites you. 😮 HP[-3]
You take 3 damage, and now have 24/41 hp.
The quokka barely misses you.
You completely miss the quokka. The quokka bites you. 😮 HP[-3]
You take 3 damage, and now have 21/41 hp.
The quokka attacks as it pursues you! The quokka bites you.
You see here a +0 dagger.
You punch the quokka!
You kill the quokka!
The gnoll hits you with a +0 flail of protection!
* * * LOW HITPOINT WARNING * * *
😱 HP[-11]
You take 11 damage, and now have 10/41 hp.
MASSIVE DAMAGE!! (PAUSE)
You hit the gnoll.
The gnoll hits you with a +0 flail of protection.
* * * LOW HITPOINT WARNING * * *
😱 HP[-6]
You take 6 damage, and now have 4/41 hp.
You hit the gnoll.
The gnoll hits you with a +0 flail of protection!
You die...

Skill      XL: |  1  2  3  4 |
---------------+-------------+-----
Invocations    | 1 |  1.8
Short Blades   | 1 |  1.6
Long Blades    | 1 |  1.6
Axes           | 1 |  1.6
Maces & Flails | 1 |  1.6
Polearms       | 1 |  1.6
Staves         | 1 |  1.6
Ranged Weapons | 1 |  1.6
Throwing       | 1 |  1.6
Armour         | 1 |  1.6
Stealth        | 1 |  1.6
Shields        | 1 |  1.6
Spellcasting   | 1 |  1.6
Evocations     | 1 |  1.6
Conjurations   | 1 |  1.2
Hexes          | 1 |  1.2
Summonings     | 1 |  1.2
Necromancy     | 1 |  1.2
Translocations | 1 |  1.2
Transmutations | 1 |  1.2
Fire Magic     | 1 |  1.2
Ice Magic      | 1 |  1.2
Air Magic      | 1 |  1.2
Earth Magic    | 1 |  1.2
Poison Magic   | 1 |  1.2
Fighting       | 3 |  3.0
Dodging        | |  4.8
Unarmed Combat | |  6.7
Shapeshifting  | |  6.6

Action                     |  1- 3 |  4- 6 || total
---------------------------+-------+-------++-------
  Melee: Unarmed           |    47 |    67 ||   114
         Punch             |     2 |     5 ||     7
         Bite              |     2 |     8 ||    10
    Use: Scroll            |     2 |       ||     2
   Stab: Sleeping          |     2 |     2 ||     4
 Armour: Animal skin       |    20 |    36 ||    56
  Dodge: Dodged            |    21 |    38 ||    59
   Form: Storm             |     1 |       ||     1
         Beast             |     1 |       ||     1

Levels and vault maps discovered:
D:1:      lordsloth_arrival_two_stooges, layout_loops_cross
D:2:      layout_loops_ring, ebering_ecumenical_altar_abandoned, serial_shops,
          nicolae_square_shop, nicolae_shop_bloodbath_and_beyond
D:3:      layout_loops_ring, minitemple, minivault_4
D:4:      layout_cave_pods, minmay_temple_entry_slanted, uniq_grinder,
          uniq_crazy_yiuf_cottage

Notes
Turn   | Place    | Note
-------+----------+-------------------------------------------
     0 | D:1      | ytrimaz the Gnoll Shapeshifter began the quest for the Orb.
     0 | D:1      | Reached XP level 1. HP: 17/17 MP: 1/1
     0 | D:1      | magus.rc [v1.9.6]
   272 | D:1      | Reached XP level 2. HP: 18/23 MP: 2/2
   766 | D:2      | Reached XP level 3. HP: 20/28 MP: 3/3
   824 | D:2      | Reached skill level 1 in Invocations
   910 | D:2      | Reached skill level 1 in Short Blades
   910 | D:2      | Reached skill level 1 in Long Blades
   910 | D:2      | Reached skill level 1 in Axes
   910 | D:2      | Reached skill level 1 in Maces & Flails
   910 | D:2      | Reached skill level 1 in Polearms
   910 | D:2      | Reached skill level 1 in Staves
   910 | D:2      | Reached skill level 1 in Ranged Weapons
   910 | D:2      | Reached skill level 1 in Throwing
   910 | D:2      | Reached skill level 1 in Armour
   910 | D:2      | Reached skill level 1 in Stealth
   910 | D:2      | Reached skill level 1 in Shields
   910 | D:2      | Reached skill level 1 in Spellcasting
   910 | D:2      | Reached skill level 1 in Evocations
  1099 | D:2      | Found Asaido's General Store.
  1108 | D:2      | Bought a scroll of identify for 22 gold pieces
  1108 | D:2      | Bought a potion of curing for 33 gold pieces
  1123 | D:2      | Reached XP level 4. HP: 34/34 MP: 5/5
  1210 | D:2      | Found a faded altar of an unknown god.
  1301 | D:2      | Found Qocuxon's Weapon Shoppe.
  1534 | D:3      | Reached skill level 1 in Conjurations
  1534 | D:3      | Reached skill level 1 in Hexes
  1534 | D:3      | Reached skill level 1 in Summonings
  1534 | D:3      | Reached skill level 1 in Necromancy
  1534 | D:3      | Reached skill level 1 in Translocations
  1534 | D:3      | Reached skill level 1 in Transmutations
  1534 | D:3      | Reached skill level 1 in Fire Magic
  1534 | D:3      | Reached skill level 1 in Ice Magic
  1534 | D:3      | Reached skill level 1 in Air Magic
  1534 | D:3      | Reached skill level 1 in Earth Magic
  1534 | D:3      | Reached skill level 1 in Poison Magic
  2030 | D:3      | Found an iron altar of Okawaru.
  2032 | D:3      | Found a sparkling altar of Nemelex Xobeh.
  2231 | D:4      | Reached skill level 3 in Fighting
  2231 | D:4      | Reached XP level 5. HP: 18/41 MP: 5/7
  2241 | D:4      | HP: 8/41 [kobold/+0 dagger (4)]
  2352 | D:4      | HP: 10/41 [gnoll/+0 flail of protection (12)]
  2353 | D:4      | HP: 4/41 [gnoll/+0 flail of protection (6)]
  2354 | D:4      | Slain by a gnoll

Vanquished Creatures
  A howler monkey (D:4)
  2 gnolls (D:4)
  6 adders
  2 dart slugs
  2 orcs (D:4)
  3 bats
  5 endoplasms
  5 giant cockroaches
  4 goblins
  4 hobgoblins
  2 jackals (D:4)
  4 quokkas
  5 ball pythons
  A frilled lizard (D:3)
  8 kobolds
  6 rats
60 creatures vanquished.

Table legend:
 A = Non-vault XP
 B = Vault XP
 C = Vault XP percentage of total XP
 D = Non-vault monster count
 E = Vault monster count
 F = Vault count percentage of total count
                 A         B        C        D         E       F
            +---------+---------+-------+---------+---------+-------
      Total |     255 |       0 |   0.0 |      60 |       0 |   0.0
            +---------+---------+-------+---------+---------+-------
        D:1 |      22 |       0 |   0.0 |      12 |       0 |   0.0
        D:2 |      95 |       0 |   0.0 |      21 |       0 |   0.0
        D:3 |      34 |       0 |   0.0 |      15 |       0 |   0.0
        D:4 |     104 |       0 |   0.0 |      12 |       0 |   0.0
            +---------+---------+-------+---------+---------+-------

Skill      XL: |  1  2  3  4 |
---------------+-------------+-----
Invocations    | 1 |  1.8
Short Blades   | 1 |  1.6
Long Blades    | 1 |  1.6
Axes           | 1 |  1.6
Maces & Flails | 1 |  1.6
Polearms       | 1 |  1.6
Staves         | 1 |  1.6
Ranged Weapons | 1 |  1.6
Throwing       | 1 |  1.6
Armour         | 1 |  1.6
Stealth        | 1 |  1.6
Shields        | 1 |  1.6
Spellcasting   | 1 |  1.6
Evocations     | 1 |  1.6
Conjurations   | 1 |  1.2
Hexes          | 1 |  1.2
Summonings     | 1 |  1.2
Necromancy     | 1 |  1.2
Translocations | 1 |  1.2
Transmutations | 1 |  1.2
Fire Magic     | 1 |  1.2
Ice Magic      | 1 |  1.2
Air Magic      | 1 |  1.2
Earth Magic    | 1 |  1.2
Poison Magic   | 1 |  1.2
Fighting       | 3 |  3.0
Dodging        | |  4.8
Unarmed Combat | |  6.7
Shapeshifting  | |  6.6

Action                     |  1- 3 |  4- 6 || total
---------------------------+-------+-------++-------
  Melee: Unarmed           |    47 |    67 ||   114
         Punch             |     2 |     5 ||     7
         Bite              |     2 |     8 ||    10
    Use: Scroll            |     2 |       ||     2
   Stab: Sleeping          |     2 |     2 ||     4
 Armour: Animal skin       |    20 |    36 ||    56
  Dodge: Dodged            |    21 |    38 ||    59
   Form: Storm             |     1 |       ||     1
         Beast             |     1 |       ||     1

Illustrated notes

Table legend:
 A = Kills in this place as a percentage of kills in the entire game.
 B = Kills by you in this place as a percentage of kills by you in the entire game.
 C = Kills by friends in this place as a percentage of kills by friends in the entire game.
 D = Other kills in this place as a percentage of other kills in the entire game.
 E = Experience gained in this place as a percentage of experience gained in the entire game.
 F = Experience gained in this place divided by the number of levels of this place that you have seen.
                   A       B       C       D       E      F
               +-------+-------+-------+-------+-------+----------------------
         Total | 100.0 | 100.0 |   N/A |   N/A | 100.0 |  63.8
       Dungeon | 100.0 | 100.0 |   N/A |   N/A | 100.0 |  63.8
               +-------+-------+-------+-------+-------+----------------------

Table legend: (Time is in decaauts)
 A = Elapsed time spent in this place.
 B = Non-inter-level travel time spent in this place.
 C = Inter-level travel time spent in this place.
 D = Time resting spent in this place.
 E = Time spent auto-exploring this place.
 F = Levels seen in this place.
 G = Mean time per level.
                   A        B        C        D        E       F      G
               +--------+--------+--------+--------+--------+-----+--------+
         Total |   2340 |   2283 |     57 |     43 |   1817 |   4 |  585.0 |
       Dungeon |   2340 |   2283 |     57 |     43 |   1817 |   4 |  585.0 |
               +--------+--------+--------+--------+--------+-----+--------+

Top non-repeatable levels by time:
     D:1: 753 daAuts
     D:2: 745 daAuts
     D:3: 690 daAuts
     D:4: 151 daAuts
